 Dungeon Crawl Stone Soup version 0.28.0-45-g0d030f2227 (webtiles) character file.

Game seed: 16732976993946952695

5 101zpm the Magician (level 1, -3/15 HPs)
             Began as a Djinni Ice Elementalist on Apr 14, 2022.
             Slain by a hobgoblin (4 damage)
             ... on level 1 of the Dungeon.
             The game lasted 00:01:07 (81 turns).

101zpm the Magician (Djinni Ice Elementalist)         Turns: 81, Time: 00:01:08

Health: -3/15      AC:  2    Str:  7    XL:     1   Next: 88%
Gold:   0          EV: 12    Int: 22    God:
                   SH:  0    Dex: 13

rFire   + + .      SeeInvis .   (no weapon)
rCold   x . .      Faith    .   (no shield)
rNeg    . . .      Spirit   .   a - +0 robe
rPois   ∞          Reflect  .   (no helmet)
rElec   .          Harm     .   (no cloak)
rCorr   .          Rampage  .   (no gloves)
Will    .....                   (boots unavailable)
Stlth   ++........              (no amulet)
HPRegen 0.05/turn               b - +6 ring of intelligence
MPRegen 0.00/turn               (no ring)

@: flying
A: sickness immunity, fire resistance 2, cold vulnerability 1, float, innate
caster, HP casting, extra vitality 1
a: no special abilities


You were on level 1 of the Dungeon.
You visited 1 branch of the dungeon, and saw 1 of its levels.

Inventory:

Armour
 a - a +0 robe (worn)
Jewellery
 b - a +6 ring of intelligence (left hand)


   Skills:
 + Level 2.1 Dodging
 + Level 1.5 Stealth
 + Level 3.5 Spellcasting


You couldn't memorise any spells.
You knew the following spells:

 Your Spells              Type           Power      Damage    Failure   Level
a - Freeze                Ice            76%        1d9       2%          1
b - Frozen Ramparts       Ice            38%        1d5       9%          3
c - Ozocubu's Armour      Ice            19%        N/A       9%          3
d - Hailstorm             Conj/Ice       19%        3d6       28%         4
Your spell library was empty.

Dungeon Overview and Level Annotations

Branches:
Dungeon (1/15)

Altars:


Innate Abilities, Weirdness & Mutations

You are immune to sickness and miasma.
You are immune to poison.
Your flesh is very heat resistant. (rF++)
You are vulnerable to cold. (rC-)
You float through the air rather than walking.
You learn spells naturally, not from books.
Your magical power is your life essence.
You have superior vitality. (+4 MHP)


Message History

You freeze the jackal.
The jackal is almost dead.
The jackal bites you.
Aiming: Freeze (safe; 3% risk of failure)
Press: ? - help, Q - select action Shift-Dir - straight line, f/p - jackal
Aim: a jackal (almost dead)
You freeze the jackal!
You kill the jackal!
The hobgoblin barely misses you.
Aiming: Freeze (safe; 3% risk of failure)
Press: ? - help, Q - select action Shift-Dir - straight line, f - hobgoblin
Aim: a hobgoblin You freeze the hobgoblin.
The hobgoblin is severely wounded.
A kobold comes into view. It is wielding a +0 whip.
The hobgoblin hits you.
* * * LOW HITPOINT WARNING * * *
Aiming: Freeze (safe; 3% risk of failure)
Press: ? - help, Q - select action Shift-Dir - straight line, f/p - hobgoblin
Aim: a hobgoblin (severely wounded)
You freeze the hobgoblin!
You kill the hobgoblin!
* * * LOW HITPOINT WARNING * * *
There is an empty arch of ancient stone here.
Aiming: Freeze (safe; 2% risk of failure)
Press: ? - help, Q - select action Shift-Dir - straight line, f - hobgoblin
Aim: a hobgoblin You freeze the hobgoblin.
The hobgoblin is lightly wounded.
The kobold shouts!
* * * LOW HITPOINT WARNING * * *
The hobgoblin barely misses you.
Aiming: Freeze (safe; 2% risk of failure)
Press: ? - help, Q - select action Shift-Dir - straight line, f/p - hobgoblin
Aim: a hobgoblin (lightly wounded)
You freeze the hobgoblin.
The hobgoblin is severely wounded.
* * * LOW HITPOINT WARNING * * *
The hobgoblin hits you.
You die...

####.......##
.##...♣.....#
..∩.........♣#####
###............♣.##
#...............#
#.......8......♣#
##.........K.♣..#
###............#
#.∩.........g@.#
###............#
#............♣#
#.....♣.......#
#.............#
##.........<.##
###∩#......##
#.∩.....##
###....≈#


You could see a hobgoblin and a kobold.

Vanquished Creatures
  A ball python (D:1)
  A hobgoblin (D:1)
  2 jackals (D:1)
4 creatures vanquished.

Notes
Turn   | Place    | Note
-------+----------+-------------------------------------------
     0 | D:1      | 101zpm the Djinni Ice Elementalist began the quest for the
                  | Orb.
     0 | D:1      | Reached XP level 1. HP: 15/15 MP: 0/0
    81 | D:1      | Slain by a hobgoblin

Illustrated notes

Levels and vault maps discovered:
D:1:      nzn_arrival_settlement, layout_basic,
          dreamdust_ecumenical_altar_drowned_temple,
          minmay_misc_feat_four_crosses, minmay_misc_feat_secret_circle,
          grunt_decor_arrowhead, minmay_pentomino_t2

Action                   || total
-------------------------++-------
 Cast: Freeze            ||    11
Armor: Robe              ||     1
Dodge: Dodged            ||     5
